| TOP OF THE 1ST |
|
Spokane Indians batting - Pitching for Eugene Emeralds : RHP Jack Morris
|
|
Pitching: RHP Jack Morris
|
|
|
Batting: SHB Jose Oquendo
|
0-0: Called Strike 0-1: Fly out, F9 (Line Drive, 9, EV 94.4 MPH)
|
|
Batting: LHB Stu Pederson
|
0-0: Called Strike 0-1: Called Strike 0-2: Foul Ball, location: 2F 0-2: Ball 1-2: Foul Ball, location: 2F 1-2: Ground out 6-3 (Groundball, 6, EV 103.1 MPH)
|
|
Batting: RHB Roberto Reyes
|
0-0: Ball 1-0: Ball 2-0: Fly out, F9 (Flyball, 89D, EV 84.4 MPH)
|
| Top of the 1st over - 0 runs, 0 hits, 0 errors, 0 left on base; Spokane 0 - Eugene 0 |
| BOTTOM OF THE 1ST |
|
Eugene Emeralds batting - Pitching for Spokane Indians : LHP Alberto Argueta
|
|
Pitching: LHP Alberto Argueta
|
|
|
Batting: LHB James Peters
|
0-0: Ball 1-0: Ball 2-0: SINGLE (Line Drive, 6D, EV 102.5 MPH)
|
|
Batting: LHB Ty Gainey
|
0-0: Foul Ball, location: 2F 0-1: Ball 1-1: Called Strike 1-2: Ball 2-2: Strikes out looking
|
|
Batting: LHB Randy Bush
|
0-0: Foul Ball, location: 2F 0-1: Ball 1-1: Ball 2-1: Swinging Strike 2-2: Foul Ball, location: 2F 2-2: DOUBLE (Groundball, 3L, EV 108.1 MPH) James Peters to third Runner from 3rd tries for Home, SAFE, no throw by RF
|
|
Batting: LHB Dave Revering
|
0-0: Called Strike 0-1: Called Strike 0-2: Ball 1-2: Ground out 3-1 (Groundball, 34S, EV 76.3 MPH) Randy Bush to third
|
|
Batting: RHB Tim Wallach
|
0-0: Foul Ball, location: 2F 0-1: SINGLE (Line Drive, 89S, EV 88.1 MPH) Randy Bush scores
|
|
Batting: RHB Derrell Baker
|
0-0: Ball 1-0: Ball 2-0: Ball 3-0: Base on Balls Tim Wallach to second
|
|
Batting: LHB Rick Lancellotti
|
0-0: Ball 1-0: Fly out, F7 (Line Drive, 7, EV 89.4 MPH)
|
| Bottom of the 1st over - 2 runs, 3 hits, 0 errors, 2 left on base; Spokane 0 - Eugene 2 |
| TOP OF THE 2ND |
|
Spokane Indians batting - Pitching for Eugene Emeralds : RHP Jack Morris
|
|
Batting: SHB Mark Gillaspie
|
0-0: Ball 1-0: Ball 2-0: Foul Ball, location: 2F 2-1: Fly out, F9 (Flyball, 89M, EV 80.0 MPH)
|
|
Batting: RHB Tom Watkins
|
0-0: SINGLE (Groundball, 56, EV 105.6 MPH) (infield hit)
|
|
Batting: RHB Jeffrey Ronk
|
0-0: Called Strike 0-1: Fly out, F7 (Flyball, 7S, EV 88.8 MPH)
|
|
Batting: RHB Reggie Whittemore
|
0-0: Ball 1-0: Foul Ball, location: 2F 1-1: Fly out, F9 (Line Drive, 9, EV 96.9 MPH)
|
| Top of the 2nd over - 0 runs, 1 hit, 0 errors, 1 left on base; Spokane 0 - Eugene 2 |
| BOTTOM OF THE 2ND |
|
Eugene Emeralds batting - Pitching for Spokane Indians : LHP Alberto Argueta
|
|
Batting: LHB Milt May
|
0-0: Fly out, F8 (Line Drive, 8LM, EV 87.5 MPH)
|
|
Batting: RHB Bill Salazar
|
0-0: Ground out 6-3 (Groundball, 6, EV 84.4 MPH)
|
|
Batting: LHB James Peters
|
0-0: Ball 1-0: Called Strike 1-1: Ball 2-1: Fly out, F4 (Flyball, 4D, EV 93.1 MPH)
|
| Bottom of the 2nd over - 0 runs, 0 hits, 0 errors, 0 left on base; Spokane 0 - Eugene 2 |
| TOP OF THE 3RD |
|
Spokane Indians batting - Pitching for Eugene Emeralds : RHP Jack Morris
|
|
Batting: RHB Craig Landis
|
0-0: Ball 1-0: Fly out, F7 (Flyball, 78S, EV 98.1 MPH)
|
|
Batting: RHB John Hanley
|
0-0: Ball 1-0: Ball 2-0: Ball 3-0: Called Strike 3-1: Foul Ball, location: 2F 3-2: Base on Balls
|
|
Batting: SHB Jose Oquendo
|
0-0: Called Strike 0-1: Ground out 4-3 (Groundball, 4, EV 83.8 MPH) John Hanley to second
|
|
Batting: LHB Stu Pederson
|
0-0: Called Strike 0-1: Ball 1-1: Ball 2-1: Fly out, F8 (Line Drive, 8RM, EV 93.1 MPH)
|
| Top of the 3rd over - 0 runs, 0 hits, 0 errors, 1 left on base; Spokane 0 - Eugene 2 |
| BOTTOM OF THE 3RD |
|
Eugene Emeralds batting - Pitching for Spokane Indians : LHP Alberto Argueta
|
|
Batting: LHB Ty Gainey
|
0-0: Called Strike 0-1: Fly out, F5 (Line Drive, 5, EV 69.4 MPH)
|
|
Batting: LHB Randy Bush
|
0-0: Ball 1-0: Foul Ball, location: 2F 1-1: Ball 2-1: DOUBLE (Flyball, 8RXD, EV 97.5 MPH)
|
|
Batting: LHB Dave Revering
|
0-0: Swinging Strike 0-1: Swinging Strike 0-2: Foul Ball, location: 2F 0-2: Ball 1-2: Strikes out swinging
|
|
Batting: RHB Tim Wallach
|
0-0: Foul Ball, location: 2F 0-1: Called Strike 0-2: TRIPLE (Groundball, 3L, EV 101.3 MPH) Randy Bush scores
|
|
Batting: RHB Derrell Baker
|
0-0: SINGLE (Line Drive, 8LS, EV 107.5 MPH) Tim Wallach scores
|
|
Batting: LHB Rick Lancellotti
|
0-0: Called Strike 0-1: Ball 1-1: Ball 2-1: Fielders Choice at 2nd, 5-4 (Groundball, 56, EV 89.4 MPH)
|
| Bottom of the 3rd over - 2 runs, 3 hits, 0 errors, 1 left on base; Spokane 0 - Eugene 4 |
| TOP OF THE 4TH |
|
Spokane Indians batting - Pitching for Eugene Emeralds : RHP Jack Morris
|
|
Batting: RHB Roberto Reyes
|
0-0: Ball 1-0: Swinging Strike 1-1: Fly out, F8 (Line Drive, 8RM, EV 91.3 MPH)
|
|
Batting: SHB Mark Gillaspie
|
0-0: Foul Ball, location: 2F 0-1: Ball 1-1: Ball 2-1: Foul Ball, location: 2F 2-2: Foul Ball, location: 2F 2-2: Foul Ball, location: 2F 2-2: Ball 3-2: Base on Balls
|
|
Batting: RHB Tom Watkins
|
0-0: Ball 1-0: Ball 2-0: Called Strike 2-1: Ball 3-1: Base on Balls Mark Gillaspie to second
|
|
Batting: RHB Jeffrey Ronk
|
0-0: Ground out U3 (Groundball, 3S, EV 66.3 MPH) Mark Gillaspie to third Tom Watkins to second
|
|
Batting: RHB Reggie Whittemore
|
0-0: Fly out, F8 (Flyball, 89D, EV 101.9 MPH)
|
| Top of the 4th over - 0 runs, 0 hits, 0 errors, 2 left on base; Spokane 0 - Eugene 4 |
| BOTTOM OF THE 4TH |
|
Eugene Emeralds batting - Pitching for Spokane Indians : LHP Alberto Argueta
|
|
Batting: LHB Milt May
|
0-0: Ground out 4-3 (Groundball, 4, EV 97.5 MPH)
|
|
Batting: RHB Bill Salazar
|
0-0: Foul Ball, location: 2F 0-1: Ball 1-1: Called Strike 1-2: Strikes out swinging
|
|
Batting: LHB James Peters
|
0-0: Called Strike 0-1: Ball 1-1: Ball 2-1: Foul Ball, location: 2F 2-2: Strikes out swinging
|
| Bottom of the 4th over - 0 runs, 0 hits, 0 errors, 0 left on base; Spokane 0 - Eugene 4 |
| TOP OF THE 5TH |
|
Spokane Indians batting - Pitching for Eugene Emeralds : RHP Jack Morris
|
|
Batting: RHB Craig Landis
|
0-0: Fly out, F6 (Line Drive, 6, EV 74.4 MPH)
|
|
Batting: RHB John Hanley
|
0-0: Ball 1-0: Called Strike 1-1: Swinging Strike 1-2: Ball 2-2: Foul Ball, location: 2F 2-2: Foul Ball, location: 2F 2-2: Strikes out swinging
|
|
Batting: SHB Jose Oquendo
|
0-0: Swinging Strike 0-1: Ball 1-1: Foul Ball, location: 2F 1-2: Ground out 4-3 (Groundball, 4, EV 99.4 MPH)
|
| Top of the 5th over - 0 runs, 0 hits, 0 errors, 0 left on base; Spokane 0 - Eugene 4 |
| BOTTOM OF THE 5TH |
|
Eugene Emeralds batting - Pitching for Spokane Indians : LHP Alberto Argueta
|
|
Batting: LHB Ty Gainey
|
0-0: Ball 1-0: Foul Ball, location: 2F 1-1: Ball 2-1: Foul Ball, location: 2F 2-2: Foul Ball, location: 2F 2-2: Ball 3-2: Foul Ball, location: 2F 3-2: Base on Balls
|
|
Batting: LHB Randy Bush
|
0-0: Swinging Strike Ty Gainey steals 2nd base 0-1: Ball 1-1: Ball 2-1: Hit by Pitch
|
|
Batting: LHB Dave Revering
|
0-0: Fly out, F7 (Flyball, 78D, EV 104.4 MPH)
|
|
Batting: RHB Tim Wallach
|
0-0: Foul Ball, location: 2F 0-1: Ball 1-1: SINGLE (Groundball, 56D, EV 104.4 MPH) Ty Gainey to third Randy Bush to second Runner from 3rd tries for Home, SAFE, throw by LF to home
|
|
Batting: RHB Derrell Baker
|
0-0: Fly out, F6 (Popup, 6M, EV 56.3 MPH)
|
|
Batting: LHB Rick Lancellotti
|
0-0: Ball 1-0: Fly out, F9 (Flyball, 9LM, EV 90.0 MPH)
|
| Bottom of the 5th over - 1 run, 1 hit, 0 errors, 2 left on base; Spokane 0 - Eugene 5 |
| TOP OF THE 6TH |
|
Spokane Indians batting - Pitching for Eugene Emeralds : RHP Jack Morris
|
|
Batting: LHB Stu Pederson
|
0-0: Called Strike 0-1: Ground out 4-3 (Groundball, 4, EV 86.9 MPH)
|
|
Batting: RHB Roberto Reyes
|
0-0: Called Strike 0-1: Ball 1-1: Fly out, F6 (Line Drive, 6, EV 75.6 MPH)
|
|
Batting: SHB Mark Gillaspie
|
0-0: Called Strike 0-1: Foul Ball, location: 2F 0-2: Ball 1-2: Ball 2-2: Ground out 4-3 (Groundball, 4, EV 91.3 MPH)
|
| Top of the 6th over - 0 runs, 0 hits, 0 errors, 0 left on base; Spokane 0 - Eugene 5 |
| BOTTOM OF THE 6TH |
|
Eugene Emeralds batting - Pitching for Spokane Indians : LHP Alberto Argueta
|
|
Batting: LHB Milt May
|
0-0: Swinging Strike 0-1: Foul Ball, location: 2F 0-2: Strikes out looking
|
|
Batting: RHB Bill Salazar
|
0-0: Called Strike 0-1: Ball 1-1: Fly out, F9 (Flyball, 89S, EV 86.9 MPH)
|
|
Batting: LHB James Peters
|
0-0: Swinging Strike 0-1: Called Strike 0-2: Strikes out looking
|
| Bottom of the 6th over - 0 runs, 0 hits, 0 errors, 0 left on base; Spokane 0 - Eugene 5 |
| TOP OF THE 7TH |
|
Spokane Indians batting - Pitching for Eugene Emeralds : RHP Jack Morris
|
|
Batting: RHB Tom Watkins
|
0-0: Called Strike 0-1: Foul Ball, location: 2F 0-2: Ball 1-2: Ball 2-2: Foul Ball, location: 2F 2-2: Ground out 4-3 (Groundball, 4, EV 85.6 MPH)
|
|
Batting: RHB Jeffrey Ronk
|
0-0: Ball 1-0: Called Strike 1-1: Ball 2-1: Foul Ball, location: 2F 2-2: Ball 3-2: Foul Ball, location: 2F 3-2: Base on Balls
|
|
Batting: RHB Reggie Whittemore
|
0-0: Called Strike 0-1: Foul Ball, location: 2F 0-2: Ball Jeffrey Ronk is caught stealing 2nd base 2-4 1-2: Foul Ball, location: 2F 1-2: SINGLE (Line Drive, 34D, EV 111.9 MPH)
|
|
Batting: RHB Craig Landis
|
0-0: Ball 1-0: Swinging Strike 1-1: DOUBLE (Line Drive, 89D, EV 105.6 MPH) Reggie Whittemore to third
|
|
Batting: RHB John Hanley
|
0-0: Ball 1-0: Ball 2-0: SINGLE (Groundball, 56D, EV 105.6 MPH) Reggie Whittemore scores Craig Landis to third Runner from 3rd tries for Home, SAFE, throw by LF to home
|
|
Batting: SHB Jose Oquendo
|
0-0: Ball 1-0: Foul Ball, location: 2F 1-1: Called Strike 1-2: Fly out, F7 (Line Drive, 7, EV 89.4 MPH)
|
| Top of the 7th over - 2 runs, 3 hits, 0 errors, 1 left on base; Spokane 2 - Eugene 5 |
| BOTTOM OF THE 7TH |
|
Eugene Emeralds batting - Pitching for Spokane Indians : LHP Alberto Argueta
|
|
Batting: LHB Ty Gainey
|
0-0: Ball 1-0: Ground out 4-3 (Groundball, 4, EV 79.4 MPH)
|
|
Batting: LHB Randy Bush
|
0-0: Foul Ball, location: 2F 0-1: Ball 1-1: Reached on error, E5 (Groundball, 56S, EV 78.8 MPH)
|
|
Batting: LHB Dave Revering
|
0-0: Ball 1-0: Ball Wild Pitch! Randy Bush to second 2-0: Ground out 6-3 (Groundball, 6S, EV 68.8 MPH) Randy Bush to third
|
|
Batting: RHB Tim Wallach
|
0-0: Ball 1-0: Called Strike 1-1: Called Strike 1-2: Fly out, F8 (Flyball, 89D, EV 100.0 MPH)
|
| Bottom of the 7th over - 0 runs, 0 hits, 1 error, 1 left on base; Spokane 2 - Eugene 5 |
| TOP OF THE 8TH |
|
Spokane Indians batting - Pitching for Eugene Emeralds : RHP Jack Morris
|
|
Batting: LHB Stu Pederson
|
0-0: Called Strike 0-1: Ball 1-1: Fly out, F7 (Flyball, 7LS, EV 83.1 MPH)
|
|
Batting: RHB Roberto Reyes
|
0-0: Ball 1-0: Ball 2-0: SINGLE (Line Drive, 78S, EV 100.0 MPH)
|
|
Batting: SHB Mark Gillaspie
|
0-0: Foul Ball, location: 2F 0-1: Foul Ball, location: 2F 0-2: Foul Ball, location: 2F 0-2: Ball 1-2: Ball 2-2: Strikes out swinging
|
|
Batting: RHB Tom Watkins
|
0-0: Fly out, F4 (Line Drive, 4, EV 73.8 MPH)
|
| Top of the 8th over - 0 runs, 1 hit, 0 errors, 1 left on base; Spokane 2 - Eugene 5 |
| BOTTOM OF THE 8TH |
|
Eugene Emeralds batting - Pitching for Spokane Indians : LHP Alberto Argueta
|
|
Batting: RHB Derrell Baker
|
0-0: Called Strike 0-1: Foul Ball, location: 2F 0-2: Foul Ball, location: 2F 0-2: Ball 1-2: Strikes out looking
|
|
Batting: LHB Rick Lancellotti
|
0-0: Called Strike 0-1: DOUBLE (Flyball, 8LXD, EV 111.9 MPH)
|
|
Batting: LHB Milt May
|
0-0: Intentional Walk
|
|
Batting: RHB Bill Salazar
|
0-0: Ball 1-0: Swinging Strike 1-1: Fly out, F3 (Popup, 34, EV 77.5 MPH)
|
|
Batting: LHB James Peters
|
0-0: Ground out U3 (Groundball, 34, EV 103.8 MPH)
|
| Bottom of the 8th over - 0 runs, 1 hit, 0 errors, 2 left on base; Spokane 2 - Eugene 5 |
| TOP OF THE 9TH |
|
Spokane Indians batting - Pitching for Eugene Emeralds : RHP Jack Morris
|
|
Pitching: LHP Martin Pavlik
|
|
|
Batting: RHB Jeffrey Ronk
|
0-0: Ball 1-0: Fly out, F9 (Flyball, 9S, EV 91.3 MPH)
|
|
Batting: RHB Reggie Whittemore
|
0-0: Swinging Strike 0-1: Foul Ball, location: 2F 0-2: Ball 1-2: Ball 2-2: Foul Ball, location: 2F 2-2: Foul Ball, location: 2F 2-2: Strikes out swinging
|
|
Batting: RHB Craig Landis
|
0-0: Ball 1-0: Ball 2-0: Called Strike 2-1: Ground out 4-3 (Groundball, 4, EV 84.4 MPH)
|
| Top of the 9th over - 0 runs, 0 hits, 0 errors, 0 left on base; Spokane 2 - Eugene 5 |
|